 Dungeon Crawl Stone Soup version 0.23.1 (webtiles) character file.

Game seed: 11839390621750740666

1046 Borgoz the Sneak (level 8, -5/66 HPs)
             Began as a Ghoul Enchanter on Mar 5, 2019.
             Slain by Menkaure (12 damage)
             ... on level 5 of the Dungeon.
             The game lasted 00:09:38 (3164 turns).

Borgoz the Sneak (Ghoul Enchanter)                  Turns: 3164, Time: 00:09:39

Health: -5/66      AC:  3    Str:  9 (12) XL:     8   Next: 25%
Magic:  9/9        EV: 22    Int: 11 (14) God:
Gold:   154        SH:  0    Dex: 14 (15) Spells: 4/10 levels left

rFire    . . .     SeeInvis .   a - +2 dagger (venom)
rCold    + . .     Gourm    .   (no shield)
rNeg     + + +     Faith    .   c - +0 leather armour
rPois    ∞         Spirit   .   (no helmet)
rElec    .         Reflect  .   (no cloak)
rCorr    .         Harm     .   (no gloves)
MR       .....                  (no boots)
Stlth    ++++......             r - amulet of regeneration
HPRegen  0.00/turn              w - +3 ring of intelligence
MPRegen  0.11/turn              f - +4 ring of evasion

@: agile, rotting
A: rotting body, claws 1, carnivore, cold resistance 1, negative energy
resistance 3, inhibited regeneration, torment resistance, unbreathing
a: no special abilities


You were on level 5 of the Dungeon.
You were not hungry.

You visited 1 branch of the dungeon, and saw 6 of its levels.

You collected 154 gold pieces.

Inventory:

Hand Weapons
 a - a +2 dagger of venom (weapon)
 b - a +2 dagger of draining
Missiles
 o - 2 curare-tipped needles
 s - 8 tomahawks (quivered)
Armour
 c - a +0 leather armour (worn)
Jewellery
 f - a +4 ring of evasion (right claw)
 i - an uncursed ring of fire
 l - a +3 ring of strength
 r - an amulet of regeneration (around neck)
 w - a +3 ring of intelligence (left claw)
Wands
 m - a wand of enslavement (6)
 x - a wand of random effects (12)
Scrolls
 e - 3 scrolls of identify {unknown}
 g - 3 scrolls of remove curse {unknown}
 h - 2 scrolls of noise {unknown}
 j - 3 scrolls of amnesia {unknown}
 k - 3 scrolls of teleportation {unknown}
 p - a scroll of enchant weapon {unknown}
 t - 2 scrolls of fog {unknown}
 u - a scroll of magic mapping {unknown}
Potions
 y - a potion of cancellation {unknown}
Comestibles
 d - 5 rations
 z - 3 chunks of flesh


   Skills:
 + Level 3.9 Fighting
 * Level 4.9 Short Blades
 + Level 3.2 Armour
 + Level 3.7 Dodging
 + Level 5.6 Stealth
 - Level 1.7 Spellcasting
 - Level 2.4 Hexes


You had 4 spell levels left.
You knew the following spells:

 Your Spells              Type           Power        Failure   Level  Hunger
a - Corona                Hex            #......      16%         1    ##.....
b - Ensorcelled Hibernat  Hex/Ice        #.....       36%         2    ###....
c - Confuse               Hex            #.......     41%         3    ####...

Your spell library contained the following spells:

 Spells                   Type           Power        Failure   Level  Hunger
 Tukima's Dance           Hex            #.......     41%         3    ####...
 Dazzling Spray           Conj/Hex       #.....       58%         3    ####...


Dungeon Overview and Level Annotations

Branches:
Dungeon (6/15)
 Temple: D:4-7

Altars:
Kikubaaqudgha
Makhleb
Qazlal
Xom

Annotations:
D:5 1 runed translucent door, Menkaure; coffeespoons's ghost, novice OpGl
D:6 Dowan; Prince Ribbit


Innate Abilities, Weirdness & Mutations

Your body is rotting away.
You thrive on raw meat.
You are immune to poison.
You have sharp fingernails.
You are carnivorous and can eat meat at any time.
Your flesh is cold resistant. (rC+)
You are immune to negative energy. (rN+++)
You do not regenerate when monsters are visible.
You are immune to unholy pain and torment.
You can survive without breathing.


Message History

Menkaure closely misses you.
You hit Menkaure.
Menkaure is heavily damaged.
Menkaure shrieks, "Why can't you leave me to my rest?"
Menkaure misses you.
You hit Menkaure.
Menkaure is heavily damaged.
Menkaure hits you!!
It was a potion of agility.
You feel agile all of a sudden. Menkaure hits you!!
* * * LOW HITPOINT WARNING * * *
It was a potion of lignification.
You feel woody for a moment.
Menkaure giggles, "These cerements are ticklish..."
Menkaure completely misses you.
It was a potion of degeneration.
There was something very wrong with that liquid.
You feel weakened.
You feel dopey.
You feel clumsy. Menkaure hits you!
You die...

...# ##... )..# #..# # ...#
##.####.#### ...####
###..#)....... ......#
##.....[##.#### ......####
#####..#.##....#
.........####.....##.#..####
................####...#....#
......#.........@M.......####
###...#..###.#####.......# #
#####......######...##.# #
####.###.##.........#.#
####....# #.##....[M.?.#..
.....#### #......<.........
###### ###.#...........###.
#...##.(.......## ###
##.###.)........#


You could see Menkaure.

Vanquished Creatures
  Grinder (D:4)
  Duvessa (D:6)
  A centaur (D:5)
  2 ogres
  A howler monkey (D:4)
  A bullfrog zombie (D:5)
  A centaur zombie (D:5)
  A jelly (D:5)
  3 hounds
  2 orc wizards (D:5)
  An iguana (D:5)
  A worker ant (D:5)
  3 adders
  A shadow imp (D:4)
  3 oozes (D:2)
  An adder zombie (D:5)
  6 worms
  2 leopard geckos
  11 orcs
  2 ball pythons
  5 giant cockroaches
  4 goblins
  8 hobgoblins
  9 jackals
  4 bats
  4 frilled lizards
  5 kobolds
  A leopard gecko skeleton (D:5)
  A quokka skeleton (D:4)
  5 rats
91 creatures vanquished.

Notes
Turn   | Place    | Note
-------+----------+-------------------------------------------
     0 | D:1      | Borgoz the Ghoul Enchanter began the quest for the Orb.
     0 | D:1      | Reached XP level 1. HP: 14/14 MP: 2/2
   107 | D:1      | Reached skill level 1 in Short Blades
   279 | D:1      | Reached XP level 2. HP: 14/22 MP: 3/3
   486 | D:1      | Learned a level 2 spell: Ensorcelled Hibernation
   854 | D:2      | Reached skill level 1 in Fighting
   854 | D:2      | Reached XP level 3. HP: 15/28 MP: 4/4
   883 | D:3      | Reached skill level 1 in Armour
   883 | D:3      | Reached XP level 4. HP: 34/35 MP: 2/5
   972 | D:2      | Found a shimmering altar of Xom.
  1057 | D:2      | Reached skill level 4 in Stealth
  1167 | D:2      | Found a stormy altar of Qazlal.
  1179 | D:2      | Found an ancient bone altar of Kikubaaqudgha.
  1184 | D:2      | Found a burning altar of Makhleb.
  1400 | D:4      | Noticed Grinder
  1406 | D:4      | Noticed an ogre
  1410 | D:3      | Reached XP level 5. HP: 37/41 MP: 6/6
  1890 | D:3      | Killed an ogre
  1890 | D:3      | Reached XP level 6. HP: 35/48 MP: 1/7
  2005 | D:4      | Paralysed by Grinder for 7 turns
  2053 | D:4      | Paralysed by Grinder for 2 turns
  2055 | D:4      | HP: 1/48 [Grinder (6)]
  2059 | D:4      | Paralysed by Grinder for 7 turns
  2074 | D:4      | Paralysed by Grinder for 3 turns
  2078 | D:4      | Killed Grinder
  2078 | D:4      | Reached XP level 7. HP: 10/56 MP: 6/8
  2608 | D:5      | Entered Level 5 of the Dungeon
  2617 | D:5      | Reached skill level 5 in Stealth
  2711 | D:4      | Learned a level 3 spell: Confuse
  2775 | D:5      | Found a runed translucent door.
  2775 | D:5      | Noticed coffeespoons's ghost (novice OpGl)
  2775 | D:5      | Noticed Menkaure
  2976 | D:6      | Noticed Dowan
  2977 | D:6      | Noticed Duvessa
  2981 | D:6      | Noticed Prince Ribbit
  3019 | D:6      | Killed Duvessa
  3019 | D:6      | Reached XP level 8. HP: 30/66 MP: 3/9
  3164 | D:5      | Slain by Menkaure

Skill      XL: |  1  2  3  4  5  6  7 |
---------------+----------------------+-----
Short Blades   | 1 2 3 4 |  4.9
Dodging        | 2 3 |  3.7
Fighting       | 1 2 3 |  3.9
Armour         | 1 2 3 |  3.2
Stealth        | 4 5 |  5.6
Spellcasting   | |  1.7
Hexes          | |  2.4

Action                   |  1- 3 |  4- 6 |  7- 9 || total
-------------------------+-------+-------+-------++-------
Melee: Dagger            |   110 |   180 |   196 ||   486
 Cast: Corona            |     4 |     4 |     1 ||     9
       Ensorcelled Hiber |     1 |     1 |     6 ||     8
  Use: Potion            |       |     2 |     3 ||     5
 Stab: Sleeping          |     3 |     1 |     5 ||     9
  Eat: Chunk             |    14 |    16 |     6 ||    36
Armor: Leather armour    |    28 |    20 |    30 ||    78
Dodge: Dodged            |    73 |    84 |   163 ||   320
